 Dungeon Crawl Stone Soup version 0.27-a0-887-gcab673c142 (webtiles) character file.

Game seed: 13580748889271285006

12752 wakim the Tainter (level 11, -1/67 HPs)
             Began as an Octopode Venom Mage on Apr 3, 2021.
             Was an Elder of Nemelex Xobeh.
             Slain by a cane toad (24 damage)
             ... on level 1 of the Lair of Beasts.
             The game lasted 01:02:38 (18903 turns).

wakim the Tainter (Octopode Venom Mage)            Turns: 18903, Time: 01:02:39

Health: -1/67      AC:  5    Str:  8    XL:     11   Next: 98%
Magic:  1/20       EV: 19    Int: 30    God:    Nemelex Xobeh [****..]
Gold:   557        SH:  5    Dex: 13    Spells: 3/22 levels left

rFire    + . .     SeeInvis +   a - +1 hunting sling of Iqechoic {venom, rF+ rN+ Int+4}
rCold    + . .     Faith    +   q - +0 buckler
rNeg     + . .     Spirit   .   (helmet restricted)
rPois    .         Reflect  .   H - amulet of faith
rElec    .         Harm     .   g - +4 ring of evasion
rCorr    .         Rampage  .   h - ring of fire
Will     .....                  k - ring of protection from cold
Stlth    ++++......             o - ring of see invisible
HPRegen  0.21/turn              u - ring of ice
MPRegen  0.17/turn              w - +6 ring of intelligence
                                p - +4 ring of protection
                                s - ring of wizardry

@: radiating poison
A: almost no armour, amphibious, 8 rings, camouflage 1, gelatinous body 1,
(nimble swimmer 1), tentacles
a: Renounce Religion, Draw Escape, Draw Destruction, Draw Summoning, Triple
Draw, Deal Four


You were on level 1 of the Lair of Beasts.
You worshipped Nemelex Xobeh.
Nemelex Xobeh was greatly pleased with you.
You visited 3 branches of the dungeon, and saw 12 of its levels.
You also visited: Sewer and Ossuary.

You collected 557 gold pieces.

Inventory:

Hand Weapons
 a - the +1 hunting sling of Iqechoic (weapon) {venom, rF+ rN+ Int+4}
   (You found it on level 6 of the Dungeon)

   It poisons the ammo it fires.
   It affects your intelligence (+4).
   It protects you from fire.
   It protects you from negative energy.
 b - a +3 rapier of electrocution
 m - the +2 long sword "Orb Guardian's Foe" {freeze, Will+ Int+3}
   (You found it on level 5 of the Dungeon)

   It has been specially enchanted to freeze those struck by it, causing extra
   injury to most foes and up to half again as much damage against particularly
   susceptible opponents.
   It can also slow down cold-blooded creatures.
   It affects your intelligence (+3).
   It increases your willpower.
Missiles
 c - 4 throwing nets
 l - 130 sling bullets (quivered ammo)
 z - a curare-tipped dart
Armour
 q - a +0 buckler (worn)
Magical Staves
 F - a staff of death
Jewellery
 e - an amulet of the acrobat
 g - a +4 ring of evasion (left tentacle)
 h - a ring of fire (right tentacle)
 k - a ring of protection from cold (on tentacle)
 o - a ring of see invisible (on tentacle)
 p - a +4 ring of protection (on tentacle)
 s - a ring of wizardry (on tentacle)
 u - a ring of ice (on tentacle)
 w - a +6 ring of intelligence (on tentacle)
 H - an amulet of faith (around mantle)
Wands
 j - a wand of polymorph (9)
 t - a wand of digging (7)
 v - a wand of flame (23)
 x - a wand of iceblast (12)
 y - a wand of paralysis (6)
Scrolls
 d - 5 scrolls of teleportation
 n - 2 scrolls of amnesia
 r - 2 scrolls of identify
 U - a scroll of fear
 W - 3 scrolls of holy word
 X - 2 scrolls of fog
 Y - a scroll of blinking
Potions
 f - 2 potions of haste
 i - 3 potions of curing
 A - a potion of ambrosia
 B - 2 potions of attraction
 C - 2 potions of berserk rage
 D - a potion of brilliance
 E - 2 potions of cancellation
 G - 6 potions of flight
 L - 2 potions of lignification
 N - 5 potions of might


   Skills:
 + Level 3.0 Fighting
 + Level 3.0 Short Blades
 - Level 4.0 Slings
 - Level 6.0 Dodging
 - Level 6.0 Stealth
 - Level 4.0 Shields
 - Level 8.0 Unarmed Combat
 - Level 6.0 Spellcasting
 + Level 5.3 Hexes
 + Level 4.3 Transmutations
 - Level 3.0 Fire Magic
 - Level 10.0 Poison Magic
 - Level 6.0 Invocations


You had 3 spell levels left.
You knew the following spells:

 Your Spells              Type           Power      Damage    Failure   Level
a - Sting                 Tmut/Pois      100%       1d8       1%          1
b - Ignite Poison         Fire/Tmut/Pois 60%        N/A       1%          3
c - Yara's Violent Unrav  Hex/Tmut       19%        3d9       9%          5
f - Cause Fear            Hex            20%        N/A       2%          4
x - Poisonous Vapours     Pois/Air       78%        N/A       1%          2
y - Olgreb's Toxic Radia  Pois           62%        N/A       1%          4

Your spell library contained the following spells:

 Spells                   Type           Power      Damage    Failure   Level
 Mephitic Cloud           Conj/Pois/Air  28%        N/A       1%          3
 Magic Dart               Conj           36%        1d4       2%          1
 Dazzling Flash           Conj/Hex       50%        N/A       2%          3
 Searing Ray              Conj           18%        3d3       3%          2
 Fulminant Prism          Conj/Hex       12%        3d9       7%          4
 Silence                  Hex/Air        12%        N/A       19%         5
 Animate Dead             Necr           4%         N/A       21%         4
 Iskenderun's Mystic Bla  Conj/Tloc      9%         2d4       21%         4
 Borgnjor's Vile Clutch   Necr/Erth      4%         N/A       47%         5
 Death Channel            Necr           4%         N/A       95%         6
 Simulacrum               Ice/Necr       6%         N/A       95%         6
 Discord                  Hex            20%        N/A       100%        8


Dungeon Overview and Level Annotations

Branches:
Dungeon (10/15)            Temple (1/1) D:4            Lair (1/6) D:8
    Orc (0/2) D:10          Sewer (visited)         Ossuary (visited)

Altars:
Cheibriados
Dithmenos
Elyvilon
Fedhas
Gozag
Kikubaaqudgha
Makhleb
Nemelex Xobeh
Okawaru
Qazlal
Ru
Sif Muna
Trog
Vehumet
Wu Jian
Xom
Zin
Beogh

Shops:
D:2 =!?   D:7 [   D:10 ?

Portals:
Trove: D:10 (show abyssal rune of Zot)

Annotations:
D:9 dig


Innate Abilities, Weirdness & Mutations

You cannot wear most types of armour.
You are amphibious.
You can wear up to eight rings at the same time.
Your skin changes colour to match your surroundings (Stealth+).
Your rubbery body absorbs attacks. (AC +1, EV +1)
((You are camouflaged near water. (Stealth+)))
You have tentacles for arms and can constrict up to eight enemies at once.


Message History

* * * LOW HITPOINT WARNING * * *
The cane toad stings you!
* * * LOW HITPOINT WARNING * * *
Casting: Sting (safe; 1% risk of failure)
Confirm with . or Enter, or press ? or * to list all spells.
You begin to radiate toxic energy.
The yak is poisoned. x3
The yak looks even sicker. x2; The yak gores you.
* * * LOW HITPOINT WARNING * * *
The cane toad misses you.
Your toxic aura wanes.
The cane toad misses you. You block the yak's attack. The cane toad misses you.
Casting: Olgreb's Toxic Radiance (safe; 1% risk of failure)
Confirm with . or Enter, or press ? or * to list all spells.
You feel a surge of power!
You ignite the poison in your surroundings!
The yak seems to burn from within!!!
You kill the yak!
The yak seems to burn from within!
The yak is severely wounded.
The yak seems to burn from within!
You kill the yak!
The cane toad closely misses you. The cane toad stings you.
* * * LOW HITPOINT WARNING * * *
Your Fighting skill increases to level 3!
Your Short Blades skill increases to level 3!
Fire: 131 sling bullets
Press: ? - help, Q - select action, (/) - cycle Shift-Dir - straight line, f/p - cane toad
Aim: a cane toad (severely wounded, 65% to hit)
You shoot a sling bullet. The sling bullet hits the cane toad.
The cane toad is poisoned.
The cane toad is almost dead.
You block the cane toad's attack.
Casting: Ignite Poison (safe; 1% risk of failure)
Confirm with . or Enter, or press ? or * to list all spells.
You begin to radiate toxic energy.
The yak is poisoned.
The yak looks even sicker.
The cane toad stings you!!
You die...
Your body disappears without a glow.

...#..........+.♣..#...<..##
..........# #....####.#####
..........# ###.## ##..# #
##........# #.## #...#
.......(..# ##..# ##.##
..........# ##..## ##.#
..........####..P####..#
####......F............#
#......Y@...........#
#..##.#####.........#### #..
### #.........##.## #..
#.............. #..
#..............
#..............
#..............
.............. ...##########


You could see a yak (very poisoned) and a cane toad (very poisoned).

Vanquished Creatures
  A boulder beetle (D:9)
  A two-headed ogre (D:10)
  Pikel (D:4)
  Joseph (D:7)
  A black mamba (Lair:1)
  Maggie (D:7)
  A komodo dragon (Lair:1)
  An unseen horror (D:10)
  3 blink frogs (Lair:1)
  A shadow (D:9)
  Sigmund (D:4)
  A centaur simulacrum (D:10)
  17 yaks
  5 wraiths
  2 wyverns
  Eustachio (D:4)
  Menkaure (D:6)
  An acid dragon (D:10)
  2 water moccasins
  A hornet zombie (D:9)
  3 orc warriors
  A meliai simulacrum (D:10)
  2 ice beasts
  A necrophage (D:4)
  2 ogres
  6 centaurs
  6 wolves
  3 kobold brigands
  4 lemures (D:4)
  An elf zombie (Ossuary)
  Blork the orc (D:4)
  2 bullfrogs
  2 scorpions
  5 howler monkeys
  7 hounds
  A human zombie (Ossuary)
  2 centaur skeletons
  2 centaur zombies
  5 orc priests
  4 jellies
  2 bullfrog skeletons
  2 iguanas
  9 orc wizards
  A hound skeleton (D:4)
  3 mummies
  2 howler monkey zombies
  4 adders
  3 gnolls (D:4)
  A shadow imp (D:5)
  4 white imps
  2 howler monkey simulacra (D:10)
  An ufetubus (D:6)
  5 adder zombies (Ossuary)
  2 adder skeletons
  9 worms
  2 dart slugs
  40 orcs
  8 endoplasms
  10 giant cockroaches
  4 goblins
  5 hobgoblins
  9 jackals
  8 quokkas
  7 ball pythons
  15 bats
  4 frilled lizards
  11 hobgoblin zombies (Ossuary)
  21 kobolds
  7 kobold zombies (Ossuary)
  9 orc zombies (Ossuary)
  A quokka zombie (D:8)
  3 rats
  3 rat zombies
321 creatures vanquished.

Vanquished Creatures (collateral kills)
  The ghost of adept the Blocker, a novice FoFi of Okawaru (D:9)
  A shadow (D:9)
  A centaur simulacrum (D:10)
  A water moccasin (D:7)
  4 wights (D:10)
  An orc wizard (D:10)
9 creatures vanquished.

Vanquished Creatures (others)
  5 fungi (Lair:1)
  A plant (Lair:1)
6 creatures vanquished.

Grand Total: 336 creatures vanquished

Notes
Turn   | Place    | Note
-------+----------+-------------------------------------------
     0 | D:1      | wakim the Octopode Venom Mage began the quest for the Orb.
     0 | D:1      | Reached XP level 1. HP: 11/11 MP: 3/3
   338 | D:1      | Reached skill level 4 in Poison Magic
   338 | D:1      | Reached XP level 2. HP: 17/17 MP: 0/5
   341 | D:1      | Learned a level 2 spell: Poisonous Vapours
  1395 | D:1      | Reached XP level 3. HP: 21/21 MP: 3/6
  1611 | D:2      | Found Sodami's Jewellery Emporium.
  1927 | D:2      | Found Boci's Magic Scroll Shop.
  2070 | D:2      | Found Qigh's Distillery.
  2573 | D:2      | Reached XP level 4. HP: 27/27 MP: 2/7
  2827 | D:3      | Learned a level 4 spell: Olgreb's Toxic Radiance
  2902 | D:3      | Reached skill level 5 in Poison Magic
  3391 | D:3      | Found a faded altar of an unknown god.
  3912 | D:4      | Found a staircase to the Ecumenical Temple.
  3917 | D:4      | Noticed a yak
  3925 | D:4      | Noticed Blork the orc
  3926 | D:4      | Noticed a yak
  3930 | D:4      | Noticed a yak
  3932 | Temple   | Entered the Ecumenical Temple
  4062 | Temple   | Became a worshipper of Nemelex Xobeh the Trickster
  4120 | D:3      | Reached XP level 5. HP: 20/31 MP: 5/9
  4376 | D:3      | Killed a yak
  4377 | D:3      | Reached skill level 6 in Poison Magic
  4377 | D:3      | Reached XP level 6. HP: 23/36 MP: 1/10
  4381 | D:3      | Learned a level 3 spell: Ignite Poison
  4515 | D:3      | Killed a yak
  4516 | D:3      | Reached skill level 1 in Fire Magic
  4516 | D:3      | Reached skill level 7 in Poison Magic
  4516 | D:3      | Reached XP level 7. HP: 11/41 MP: 0/11
  4751 | D:4      | Killed a yak
  4858 | D:4      | Noticed Pikel
  4875 | D:4      | Killed Pikel
  4875 | D:4      | Killed Blork the orc
  4876 | D:4      | Reached skill level 5 in Dodging
  4876 | D:4      | Reached XP level 8. HP: 46/46 MP: 2/12
  5324 | D:4      | Noticed Eustachio
  5410 | D:4      | Killed Eustachio
  5411 | D:4      | Reached skill level 8 in Poison Magic
  5537 | D:4      | Reached skill level 1 in Unarmed Combat
  5537 | D:4      | Reached skill level 1 in Invocations
  5623 | D:4      | Noticed Sigmund
  5636 | D:4      | Killed Sigmund
  5912 | D:5      | Entered Level 5 of the Dungeon
  6143 | D:5      | Reached XP level 9. HP: 51/51 MP: 4/15
  6293 | D:5      | Reached * piety under Nemelex Xobeh
  6505 | D:5      | Found a bloodstained altar of Trog.
  6541 | D:5      | Identified the +2 long sword "Orb Guardian's Foe" {freeze,
                  | Will+ Int+3}
  6729 | D:5      | Received a gift from Nemelex Xobeh
  7024 | D:5      | Reached skill level 1 in Shields
  7024 | D:5      | Reached skill level 5 in Spellcasting
  8110 | D:6      | Found a glowing drain.
  8114 | Sewer    | Entered a sewer
  9053 | D:6      | Noticed Menkaure
  9062 | D:6      | Killed Menkaure
  9395 | D:6      | Identified the +1 hunting sling of Iqechoic {venom, rF+ rN+
                  | Int+4}
  9558 | D:7      | Reached ** piety under Nemelex Xobeh
 10319 | D:7      | Reached skill level 5 in Invocations
 10592 | D:7      | Found a snail-covered altar of Cheibriados.
 10632 | D:7      | Noticed Maggie
 10695 | D:7      | Killed Maggie
 10696 | D:7      | Reached skill level 5 in Unarmed Combat
 10696 | D:7      | Reached XP level 10. HP: 26/56 MP: 13/17
 11015 | D:7      | Found Xoosom's Armour Shop.
 11015 | D:7      | Noticed Joseph
 11018 | D:7      | HP: 2/56 [Joseph/sling bullet (16)]
 11364 | D:7      | Killed Joseph
 11606 | D:7      | You fall into a shaft and drop 2 floors!
 12002 | D:9      | Reached skill level 1 in Slings
 12142 | D:9      | Reached skill level 1 in Hexes
 12638 | D:9      | Found a runed translucent gate.
 12638 | D:9      | Found a runed translucent gate.
 12638 | D:9      | Found a runed translucent gate.
 12641 | D:9      | Noticed adept's ghost (novice FoFi)
 12669 | D:9      | Received a gift from Nemelex Xobeh
 12676 | D:9      | Noticed a boulder beetle
 12682 | D:9      | Killed a boulder beetle
 12683 | D:9      | Reached skill level 5 in Stealth
 12683 | D:9      | Reached skill level 9 in Poison Magic
 13148 | D:10     | Entered Level 10 of the Dungeon
 13152 | D:10     | Found Doinuytt's Magic Scroll Shoppe.
 13152 | D:10     | Noticed a two-headed ogre
 13158 | D:10     | Killed a two-headed ogre
 13159 | D:10     | Reached XP level 11. HP: 61/61 MP: 5/19
 13395 | D:10     | Found a staircase to the Orcish Mines.
 14166 | D:10     | Reached skill level 10 in Poison Magic
 14692 | D:10     | Learned a level 4 spell: Cause Fear
 14731 | D:10     | Found a portal to a secret trove of treasure.
 15184 | D:8      | Reached *** piety under Nemelex Xobeh
 15464 | D:8      | Found a sand-covered staircase.
 15472 | Ossuary  | Entered an ossuary
 15502 | Ossuary  | Received a gift from Nemelex Xobeh
 16254 | D:7      | Found a radiant altar of Vehumet.
 16257 | D:7      | Found an opulent altar of Gozag.
 16500 | D:7      | Learned a level 5 spell: Yara's Violent Unravelling
 16798 | D:8      | Found a shadowy altar of Dithmenos.
 16874 | D:8      | Received a gift from Nemelex Xobeh
 16882 | D:8      | Found a staircase to the Lair.
 17305 | D:8      | Found a stormy altar of Qazlal.
 17305 | D:8      | Found a shimmering altar of Xom.
 17364 | D:9      | Identified the -1 trident of the Extremes {freeze, Str+4}
 17555 | D:9      | Killed adept's ghost
 17556 | D:9      | Reached skill level 1 in Fighting
 17576 | D:9      | Reached skill level 1 in Short Blades
 17901 | Lair:1   | Entered Level 1 of the Lair of Beasts
 18075 | Lair:1   | Received a gift from Nemelex Xobeh
 18265 | Lair:1   | Reached skill level 5 in Hexes
 18423 | Lair:1   | Reached **** piety under Nemelex Xobeh
 18847 | Lair:1   | Received a gift from Nemelex Xobeh
 18903 | Lair:1   | Slain by a cane toad

Illustrated notes

Levels and vault maps discovered:
D:1:      psy_arrival_conway, layout_loops_corners
D:2:      layout_rooms, serial_shops, nicolae_shop_competitors_out_of_business,
          shop, shop, hangedman_decor_push
D:3:      layout_loops_ring, ebering_ecumenical_altar_hall,
          kennysheep_generic_room_10
D:4:      layout_cave_pools, minmay_temple_entry_mini_moons, uniq_blork_the_orc,
          uniq_sigmund, uniq_eustachio, uniq_pikel
D:5:      layout_layer_cave, lemuel_tele_altar
D:6:      layout_loops_cross, gup_sewer_entry_spiral, uniq_menkaure
D:7:      layout_cave_pods, slow_altar_1, grunt_temple_overflow_open,
          serial_shops, shop, st_stairs_12, uniq_maggie, uniq_joseph
D:8:      layout_basic, nicolae_overflow_hidden_temple, lair_entry_dummy,
          enter_ossuary_4, corexii_hall_statues_x
D:9:      layout_long_grid, gammafunk_ghost_spectres, minivault_21
D:10:     layout_cave_pools, minmay_orc_entry_temple_small, serial_ice,
          serial_ice_b, serial_ice_n, serial_ice_j, serial_ice_e, serial_shops,
          shop, enter_trove_1
Temple:   regret_index_temple_generic_petals
Lair:1:   gammafunk_boulding_lane, layout_chaotic_city, grunt_megastairs_4

Skill      XL: |  1  2  3  4  5  6  7  8  9 10 11 |
---------------+----------------------------------+-----
Poison Magic   | 4 5 6 7 8 9 10 | 10.0
Transmutations | 2 3 4 |  4.3
Spellcasting   | 3 4 5 6 |  6.0
Stealth        | 3 4 6 |  6.0
Fire Magic     | 1 2 3 |  3.0
Dodging        | 5 6 |  6.0
Unarmed Combat | 2 5 6 8 |  8.0
Invocations    | 2 5 6 |  6.0
Shields        | 4 |  4.0
Slings         | 2 4 |  4.0
Hexes          | 2 5 |  5.3
Fighting       | 3 |  3.0
Short Blades   | 3 |  3.0

Action                   |  1- 3 |  4- 6 |  7- 9 | 10-12 || total
-------------------------+-------+-------+-------+-------++-------
Melee: Unarmed           |     8 |       |       |       ||     8
       Constrict         |     6 |     4 |    22 |    36 ||    68
       Dagger            |    15 |    18 |     8 |       ||    41
       Tentacles         |     1 |     3 |    17 |    24 ||    45
       Rapier            |       |       |    13 |   147 ||   160
       Long sword        |       |       |    61 |    39 ||   100
       Punch             |       |       |     3 |     3 ||     6
 Fire: Hunting sling     |       |       |    23 |    34 ||    57
 Cast: Sting             |    10 |       |    23 |    16 ||    49
       Poisonous Vapours |    38 |    34 |    33 |     8 ||   113
       Olgreb's Toxic Ra |       |     4 |    22 |    36 ||    62
       Ignite Poison     |       |     1 |    29 |    36 ||    66
       Cause Fear        |       |       |       |     1 ||     1
Invok: Draw Summoning    |       |       |     1 |     4 ||     5
       Draw Escape       |       |       |     1 |       ||     1
       Draw Destruction  |       |       |       |    12 ||    12
  Use: Scroll            |     3 |     1 |    10 |    12 ||    26
       Potion            |       |       |       |     1 ||     1
 Stab: Sleeping          |       |     1 |    13 |    10 ||    24
Armor: Skin              |     5 |     1 |     2 |     8 ||    16
Dodge: Dodged            |    23 |    30 |   150 |   189 ||   392
Block: Buckler           |       |       |    19 |    46 ||    65
       Rpst.: Long sword |       |       |    19 |    10 ||    29

Table legend: (Time is in decaauts)
 A = Elapsed time spent in this place.
 B = Non-inter-level travel time spent in this place.
 C = Inter-level travel time spent in this place.
 D = Time resting spent in this place.
 E = Time spent auto-exploring this place.
 F = Levels seen in this place.
 G = Mean time per level.
                   A        B        C        D        E       F      G
               +--------+--------+--------+--------+--------+-----+--------+
         Total |  19005 |  17937 |   1068 |    469 |  14553 |  14 | 1357.5 |
       Dungeon |  16971 |  15937 |   1034 |    469 |  12986 |  10 | 1697.1 |
        Temple |    164 |    131 |     33 |      0 |     97 |   1 |  164.0 |
          Lair |   1002 |   1002 |      0 |      0 |    899 |   1 | 1002.0 |
         Sewer |    587 |    587 |      0 |      0 |    466 |   1 |  587.0 |
       Ossuary |    280 |    280 |      0 |      0 |    105 |   1 |  280.0 |
               +--------+--------+--------+--------+--------+-----+--------+

Top non-repeatable levels by time:
     D:9: 2563 daAuts
     D:6: 1982 daAuts
     D:3: 1838 daAuts
    D:10: 1721 daAuts
     D:5: 1668 daAuts
     D:1: 1600 daAuts
     D:4: 1589 daAuts
     D:7: 1569 daAuts
     D:8: 1312 daAuts
     D:2: 1124 daAuts
  Lair:1: 1002 daAuts
   Sewer: 587 daAuts
 Ossuary: 280 daAuts
  Temple: 164 daAuts
